 Dungeon Crawl Stone Soup version 0.23-a0-577-g2b1de94 (console) character file.

17144 Duffy the Cleaver (level 12, 116/116 HPs)
             Began as a Naga Fighter on Dec 14, 2018.
             Was an Initiate of Gozag.
             Quit the game on level 1 of the Lair of Beasts.
             The game lasted 00:23:10 (15508 turns).

Duffy the Cleaver (Naga Fighter)                   Turns: 15508, Time: 00:23:11

Health: 116/116    AC: 20    Str: 22    XL:     12   Next: 44%
Magic:  12/12      EV:  4    Int: 12    God:    Gozag
Gold:   601        SH: 15    Dex: 12    Spells: 11/11 levels left

rFire    . . .     SeeInvis +   s - +5 war axe
rCold    . . .     Gourm    .   c - +0 shield
rNeg     + . .     Faith    .   L - +0 chain mail "Anwiem" {MR++ Stlth-}
rPois    +         Spirit   .   b - +0 helmet
rElec    .         Reflect  +   H - +1 cloak {+Inv}
rCorr    .         Harm     .   (no gloves)
MR       +++++                  g - +0 naga barding
Stlth    ..........             J - +3 amulet of reflection
HPRegen  0.29/turn              N - ring of positive energy
MPRegen  0.13/turn              Q - ring of the Mage {Wiz MR++ Int+3}

@: very slow
A: large, see invisible, deformed body, poison resistance, slowness 2, slow
metabolism 1, spit poison 1, AC +4
a: Spit Poison, Potion Petition, Call Merchant, Bribe Branch, Renounce Religion,
Evoke Invisibility


You were on level 1 of the Lair of Beasts.
You worshipped Gozag.
Gozag was pleased with you.
You were not hungry.

You visited 3 branches of the dungeon, and saw 12 of its levels.

You collected 2349 gold pieces.
You spent 1655 gold pieces at shops.
You paid 93 gold pieces to Gozag.

Inventory:

Hand Weapons
 a - a +0 war axe
 o - a +4 dagger of venom
 p - a +2 war axe of draining
 s - a +5 war axe (weapon)
 x - a +1 short sword of electrocution
 y - a +2 whip of electrocution
 C - a +0 blowgun
Armour
 b - a +0 helmet (worn)
 c - a +0 shield (worn)
 g - a +0 naga barding (worn)
 H - a +1 cloak of invisibility (worn)
 L - the +0 chain mail "Anwiem" (worn) {MR++ Stlth-}
   (You found it on level 9 of the Dungeon)

   It affects your resistance to hostile enchantments.
   It makes you less stealthy.
Jewellery
 n - the ring of Suohics {rF+ rN+ MR+ Int+3 Slay-3}
   (You found it on level 7 of the Dungeon)

   [ring of slaying]

   It affects your intelligence (+3).
   It affects your accuracy and damage with ranged weapons and melee attacks
   (-3).
   It protects you from fire.
   It protects you from negative energy.
   It affects your resistance to hostile enchantments.
 J - a +3 amulet of reflection (around neck)
 N - a ring of positive energy (left hand)
 Q - the ring of the Mage (right hand) {Wiz MR++ Int+3}
   (You bought it in a shop on level 4 of the Dungeon)

   [ring of wizardry]

   It improves your spell success rate.
   It affects your intelligence (+3).
   It affects your resistance to hostile enchantments.
Wands
 j - a wand of digging (6)
 r - a wand of random effects (29)
 I - a wand of paralysis (7)
Scrolls
 e - 2 scrolls of blinking
 i - 3 scrolls of enchant weapon
 k - a scroll of random uselessness {unknown}
 l - 4 scrolls of teleportation
 t - a scroll of enchant armour {unknown}
 u - a scroll of noise {unknown}
 v - 3 scrolls of fear
 w - a scroll of immolation
 K - 2 scrolls of vulnerability
 O - a scroll of fog {unknown}
 P - a scroll of remove curse
Potions
 d - a potion of might
 h - 5 potions of flight
 m - 5 potions of haste
 z - 8 potions of curing
 A - 3 potions of resistance
 B - 2 potions of brilliance
 D - 3 potions of agility
 E - 2 potions of magic
 R - a potion of ambrosia
Miscellaneous
 F - a lightning rod (4/4)
Comestibles
 f - 8 rations


   Skills:
 + Level 9.7 Fighting
 * Level 11.5 Axes
 + Level 8.2 Armour
 - Level 9.2 Shields


You had 11 spell levels left.
You didn't know any spells.
Your spell library contained the following spells:

 Spells                   Type           Power        Failure   Level  Hunger
 Animate Skeleton         Necr           N/A          61%         1    ##.....
 Corona                   Hex            #......      61%         1    ##.....
 Magic Dart               Conj           #...         61%         1    ##.....
 Pain                     Necr           #...         61%         1    ##.....
 Sandblast                Erth           #.....       61%         1    ##.....
 Blink                    Tloc           N/A          75%         2    ###....
 Call Imp                 Summ           #.......     75%         2    ###....
 Passwall                 Tmut/Erth      #.......     75%         2    ###....
 Poisonous Vapours        Pois/Air       #.....       75%         2    ###....
 Slow                     Hex            #.......     75%         2    ###....
 Conjure Flame            Conj/Fire      #.......     92%         3    ####...
 Inner Flame              Hex/Fire       #.......     92%         3    ####...
 Mephitic Cloud           Conj/Pois/Air  #.......     92%         3    ####...
 Portal Projectile        Hex/Tloc       #.....       92%         3    ####...
 Regeneration             Chrm/Necr      #.........   92%         3    ####...
 Stone Arrow              Conj/Erth      #.....       92%         3    ####...
 Vampiric Draining        Necr           #.........   92%         3    ####...
 Animate Dead             Necr           N/A          100%        4    #####..
 Cause Fear               Hex            #.........   100%        4    #####..
 Leda's Liquefaction      Hex/Erth       #.........   100%        4    #####..
 Petrify                  Tmut/Erth      #.......     100%        4    #####..
 Lee's Rapid Deconstruct  Erth           #.........   100%        5    ######.
 Freezing Cloud           Conj/Ice/Air   #.........   100%        6    #######
 Ring of Flames           Chrm/Fire      #.........   100%        7    #######


Dungeon Overview and Level Annotations

Branches:
Dungeon (10/15)            Temple (1/1) D:5            Lair (1/6) D:8
    Orc (0/2) D:10

Altars:
Ashenzari
Cheibriados
Dithmenos
Elyvilon
Fedhas
Gozag
Hepliaklqana
Kikubaaqudgha
Makhleb
Nemelex Xobeh
Okawaru
Qazlal
Ru
Sif Muna
Trog
Uskayaw
Vehumet
Wu Jian
Xom
Yredelemnul
Zin
The Shining One

Shops:
D:4 =((![   D:8 =

Annotations:
D:6 2 transporters


Innate Abilities, Weirdness & Mutations

You cannot wear boots.
Your serpentine skin is tough. (AC +4)
You have supernaturally acute eyesight. (SInv)
Armour fits poorly on your strangely shaped body.
Your system is resistant to poisons. (rPois)
You cover ground very slowly.
You have a slow metabolism.
You can spit poison.


Message History

Moving in this stuff is going to be slow.
You enter the shallow water.
Moving in this stuff is going to be slow.
You enter the shallow water.
Moving in this stuff is going to be slow.
You enter the shallow water.
Moving in this stuff is going to be slow.
You enter the shallow water.
Moving in this stuff is going to be slow.
You enter the shallow water.
Moving in this stuff is going to be slow.
You enter the shallow water.
Moving in this stuff is going to be slow.
You pick up a book of Geomancy and begin reading...
You add the spells Sandblast, Passwall, Stone Arrow, Petrify and Lee's Rapid Partly explored, can't reach some places.
Partly explored, can't reach some places.
Partly explored, can't reach some places.
Partly explored, can't reach some places.
Are you sure you want to abandon this character and quit the game? (Confirm

#..## #...#
#...# #...#
...## ..## .##
## ####### #
#..##@#
##....##
#....## #...##
##..## ##...#
##...## #
###....#
#######......#


There were no monsters in sight!

Vanquished Creatures
  A hydra (Lair:1)
  A two-headed ogre (D:8)
  Pikel (D:6)
  Joseph (D:6)
  4 black mambas (Lair:1)
  Psyche (D:8)
  5 spiny frogs (Lair:1)
  2 ice devils (Lair:1)
  Prince Ribbit (D:8)
  2 hippogriffs
  A shadow (D:8)
  12 yaks
  2 wyverns
  A steam dragon (D:10)
  3 hungry ghosts
  5 water moccasins
  5 porcupines
  11 orc warriors
  A sky beast (D:7)
  An ice beast (D:8)
  3 slaves
  An ogre (D:7)
  2 phantoms
  2 black bears
  A hornet zombie (D:8)
  10 wolves (Lair:1)
  5 centaurs
  A crocodile (Lair:1)
  2 big kobolds
  12 bullfrogs
  3 scorpions
  15 wights
  7 killer bees
  2 crimson imps (D:8)
  6 howler monkeys
  2 centaur zombies
  A quasit (D:9)
  A bullfrog skeleton (D:5)
  9 orc priests
  Crazy Yiuf (D:5)
  6 hounds
  3 jellies (D:9)
  5 worker ants
  3 iguanas
  10 orc wizards
  A hound zombie (D:10)
  A worker ant zombie (D:7)
  10 gnolls
  A howler monkey skeleton (D:6)
  16 adders
  A shadow imp (D:7)
  6 oozes
  An adder skeleton (D:7)
  A worm (D:4)
  A dart slug (D:2)
  5 leopard geckos
  57 orcs
  3 ball pythons
  6 bats
  5 giant cockroaches
  10 goblins
  5 hobgoblins
  13 jackals
  2 quokkas
  A ball python skeleton (D:4)
  4 frilled lizards
  10 kobolds
  A leopard gecko skeleton (D:8)
  A quokka zombie (D:8)
  3 rats
  A fungus (D:8)
340 creatures vanquished.

Vanquished Creatures (others)
  An orc warrior (D:10)
  An ogre (D:7)
  7 fungi (D:8)
  2 plants
11 creatures vanquished.

Grand Total: 351 creatures vanquished

Notes
Turn   | Place    | Note
-------+----------+-------------------------------------------
     0 | D:1      | Duffy the Naga Fighter began the quest for the Orb.
     0 | D:1      | Reached XP level 1. HP: 21/21 MP: 1/1
   251 | D:2      | Reached XP level 2. HP: 17/28 MP: 2/2
   443 | D:2      | Reached XP level 3. HP: 15/34 MP: 3/3
   622 | D:2      | Reached skill level 3 in Axes
   622 | D:2      | Reached XP level 4. HP: 42/42 MP: 4/4
   949 | D:3      | Reached XP level 5. HP: 26/49 MP: 5/5
  1079 | D:3      | Reached skill level 4 in Axes
  1281 | D:4      | Found Adepuyhy's Weapon Shoppe.
  1307 | D:4      | Found a shimmering altar of Xom.
  1310 | D:4      | Found a shimmering altar of Xom.
  1310 | D:4      | Found a shimmering altar of Xom.
  1310 | D:4      | Found a shimmering altar of Xom.
  1367 | D:4      | Reached XP level 6. HP: 37/56 MP: 6/6
  1382 | D:4      | Found Ampik's Armour Boutique.
  1400 | D:4      | Found Aschosk's Weapon Shoppe.
  1493 | D:4      | Found Kydeul's Jewellery Emporium.
  1501 | D:4      | Reached skill level 5 in Axes
  1541 | D:4      | Reached XP level 7. HP: 62/62 MP: 7/7
  1554 | D:5      | Entered Level 5 of the Dungeon
  1608 | D:4      | Found Qiosyu's Distillery.
  1628 | D:4      | Bought a potion of heal wounds for 65 gold pieces
  1861 | D:6      | Found a transporter.
  1864 | D:6      | Noticed a manticore
  1865 | D:6      | Found a transporter.
  1865 | D:6      | Noticed a rime drake
  1887 | D:6      | Reached skill level 5 in Shields
  1951 | D:6      | Found an iron altar of Okawaru.
  2122 | D:5      | Found a staircase to the Ecumenical Temple.
  2131 | Temple   | Entered the Ecumenical Temple
  2368 | D:5      | Reached skill level 6 in Axes
  3069 | D:2      | Found a sparkling altar of Nemelex Xobeh.
  3295 | D:1      | Reached XP level 8. HP: 69/69 MP: 8/8
  4277 | Temple   | Became a worshipper of Gozag Ym Sagoz the Greedy
  5021 | D:5      | Found a runed door.
  5109 | D:5      | Reached skill level 7 in Axes
  5337 | D:5      | Noticed Crazy Yiuf
  5342 | D:5      | Killed Crazy Yiuf
  5640 | D:6      | Found a burning altar of Makhleb.
  5642 | D:6      | Found a sacrificial altar of Ru.
  5803 | D:6      | Reached skill level 8 in Axes
  5834 | D:6      | Reached XP level 9. HP: 33/75 MP: 9/9
  6251 | D:7      | Noticed Joseph
  6254 | D:7      | Noticed Pikel
  6273 | D:6      | Paralysed by fainting for 6 turns
  6385 | D:6      | Killed Pikel
  6385 | D:6      | Reached skill level 9 in Axes
  6583 | D:6      | Killed Joseph
  7071 | D:7      | Got a glittering amber ring
  7072 | D:7      | Identified the cursed ring of Suohics {rF+ rN+ MR+ Int+3
                  | Slay-3} (You found it on level 7 of the Dungeon)
  7675 | D:8      | Noticed Psyche
  7683 | D:8      | Reached skill level 10 in Axes
  7683 | D:8      | Reached XP level 10. HP: 71/84 MP: 10/10
  7686 | D:8      | Killed Psyche
  8585 | D:8      | HP: 3/87 [killer bee (3)]
  8966 | D:4      | Bought 2 potions of heal wounds for 130 gold pieces
  8966 | D:4      | Bought a potion of invisibility for 104 gold pieces
  9019 | D:4      | Bought a +1 cloak of invisibility for 231 gold pieces
  9032 | D:4      | Bought a +0 helmet for 63 gold pieces
  9210 | D:8      | Reached skill level 5 in Fighting
  9286 | D:8      | Found Nara's Jewellery Boutique.
  9368 | D:8      | Found a staircase to the Lair.
  9732 | D:8      | Noticed a two-headed ogre
  9757 | D:8      | Killed a two-headed ogre
  9757 | D:8      | Reached skill level 5 in Armour
 10172 | D:8      | Noticed Prince Ribbit
 10175 | D:8      | Reached XP level 11. HP: 98/98 MP: 11/11
 10459 | D:8      | Killed Prince Ribbit
 10670 | D:9      | Got a pitted chain mail
 10712 | D:8      | Identified the +0 chain mail "Anwiem" {MR++ Stlth-} (You
                  | found it on level 9 of the Dungeon)
 10754 | D:9      | Found an iron altar of Okawaru.
 11307 | D:9      | Found a hide-covered altar of Uskayaw.
 11308 | D:9      | Found an ornate altar of the Wu Jian Council.
 11750 | D:9      | Found a sacrificial altar of Ru.
 11785 | D:10     | Entered Level 10 of the Dungeon
 12117 | D:10     | Found a staircase to the Orcish Mines.
 12233 | D:10     | Got a dazzling ring mail
 13186 | D:4      | Bought the ring of the Mage {Wiz MR++ Int+3} for 620 gold
                  | pieces
 13186 | D:4      | Found the ring of the Mage {Wiz MR++ Int+3}
 13223 | D:4      | Bought a potion of resistance for 130 gold pieces
 13223 | D:4      | Bought a potion of ambrosia for 104 gold pieces
 13223 | D:4      | Bought a potion of curing for 39 gold pieces
 13223 | D:4      | Bought a potion of flight for 39 gold pieces
 13223 | D:4      | Bought a potion of agility for 52 gold pieces
 13223 | D:4      | Bought a potion of curing for 39 gold pieces
 13223 | D:4      | Bought a potion of curing for 39 gold pieces
 13369 | Lair:1   | Entered Level 1 of the Lair of Beasts
 13774 | Lair:1   | Reached XP level 12. HP: 23/114 MP: 12/12
 13885 | Lair:1   | Reached skill level 11 in Axes
 14862 | Lair:1   | Noticed a seven-headed hydra
 14879 | Lair:1   | Killed a seven-headed hydra
 15224 | Lair:1   | Identified the cursed +0 ring mail of the New World {-Tele
                  | rF+ Int+5} (You found it on level 10 of the Dungeon)
 15508 | Lair:1   | Quit the game

Vault maps used:
D:1:      nagdon_arrival_double_spiral
D:2:      grunt_ministairs_10, minmay_misc_feat_hallway, minmay_liquid_box,
          solitary_fountain, nemelex_altar_shiori
D:4:      xom_redecorated, serial_shops, shop, shop, nicolae_shop_statue_plus,
          nicolae_shop_trees, shop, minmay_misc_feat_enclosed,
          chequers_serial_rivers_marsh
D:5:      minmay_temple_entry_waves, first_ration, uniq_crazy_yiuf_cottage
D:6:      gammafunk_temple_overflow_arena, kennysheep_okawaru_gauntlet
D:7:      uniq_pikel, uniq_joseph
D:8:      minmay_chambers_of_sixes, due_lair_maze_entry_diamond, serial_shops,
          shop_fountains, special_room, hangedman_decor_clover_reticule,
          uniq_prince_ribbit1, uniq_psyche
D:9:      gammafunk_temple_overflow_statue, basic_altar,
          hangedman_little_slice_of_home, nicolae_ru_path_of_blood
D:10:     david_orc_4
Temple:   nicolae_temple_elliptical
Lair:1:   cheibrodos_lair_river_kwai, portal_ice_cave_demonic_guard,
          infiniplex_staircase_pool_2

Skill      XL: |  1  2  3  4  5  6  7  8  9 10 11 12 |
---------------+-------------------------------------+-----
Shields        | 3 4 5 7 8 9 |  9.2
Axes           | 3 4 5 6 8 10 11 | 11.5
Armour         | 5 7 8 |  8.2
Fighting       | 6 9 |  9.7

Action                   |  1- 3 |  4- 6 |  7- 9 | 10-12 || total
-------------------------+-------+-------+-------+-------++-------
Melee: War axe           |    50 |   104 |   417 |   782 ||  1353
       Whip              |       |       |       |    16 ||    16
Throw: Throwing net      |       |       |     1 |       ||     1
 Abil: Spit Poison       |     3 |    13 |     7 |       ||    23
Evoke: Wand              |       |       |       |     5 ||     5
  Use: Scroll            |       |     5 |     7 |     8 ||    20
       Potion            |       |       |     1 |     6 ||     7
 Stab: Held in net/web   |       |       |     1 |       ||     1
       Distracted        |       |       |       |     7 ||     7
       Invisible         |       |       |       |     5 ||     5
  Eat: Chunk             |       |     2 |     4 |       ||     6
       Ration            |       |       |     7 |     6 ||    13
Armor: Ring mail         |    21 |    55 |   186 |   109 ||   371
       Scale mail        |     6 |       |       |       ||     6
       Chain mail        |       |       |       |   274 ||   274
Dodge: Dodged            |    16 |    35 |    80 |   128 ||   259
       Deflected         |       |       |     5 |       ||     5
Block: Shield            |    38 |    54 |   237 |   568 ||   897
       Reflection        |       |       |       |     6 ||     6

Table legend:
 A = Non-vault XP
 B = Vault XP
 C = Vault XP percentage of total XP
 D = Non-vault monster count
 E = Vault monster count
 F = Vault count percentage of total count
                 A         B        C        D         E       F
            +---------+---------+-------+---------+---------+-------
      Total |   15777 |    8715 |  35.6 |     257 |      80 |  23.7
            +---------+---------+-------+---------+---------+-------
        D:1 |      15 |       0 |   0.0 |      10 |       0 |   0.0
        D:2 |     191 |       1 |   0.5 |      27 |       1 |   3.6
        D:3 |     184 |       0 |   0.0 |      20 |       0 |   0.0
        D:4 |     492 |       0 |   0.0 |      27 |       0 |   0.0
        D:5 |     585 |      42 |   6.7 |      11 |       1 |   8.3
        D:6 |    1434 |    1063 |  42.6 |      31 |       4 |  11.4
        D:7 |     731 |     689 |  48.5 |      21 |       5 |  19.2
        D:8 |    2233 |    2580 |  53.6 |      26 |      37 |  58.7
        D:9 |    1729 |     163 |   8.6 |      32 |       8 |  20.0
       D:10 |    2882 |     662 |  18.7 |      28 |      14 |  33.3
     Lair:1 |    5301 |    3515 |  39.9 |      24 |      10 |  29.4
            +---------+---------+-------+---------+---------+-------
